 Dungeon Crawl Stone Soup version 0.23.0 (webtiles) character file.

Game seed: 6147750966993349696

60 theswoord the Chopper (level 3, -13/29 HPs)
             Began as a Demonspawn Fighter on Feb 17, 2019.
             Engulfed by a cloud of flame (33 damage)
             ... on level 2 of the Dungeon.
             The game lasted 00:02:45 (1082 turns).

theswoord the Chopper (Demonspawn Fighter)          Turns: 1082, Time: 00:02:45

Health: -13/29     AC: 11    Str: 16    XL:     3   Next: 82%
Magic:  3/3        EV:  4    Int:  9    God:
Gold:   89         SH:  3    Dex: 13    Spells: 2/2 levels left

rFire    . . .     SeeInvis .   a - +1 war axe
rCold    . . .     Gourm    .   (no shield)
rNeg     . . .     Faith    .   e - +0 plate armour
rPois    .         Spirit   .   (helmet restricted)
rElec    .         Reflect  +   (no cloak)
rCorr    .         Harm     .   (no gloves)
MR       .....                  (no boots)
Stlth    ..........             h - +3 amulet of reflection
HPRegen  0.09/turn              (no ring)
MPRegen  0.08/turn              (no ring)

@: no status effects
A: antennae 1, rot immunity
a: no special abilities


You were on level 2 of the Dungeon.
You were not hungry.

You visited 1 branch of the dungeon, and saw 2 of its levels.

You collected 89 gold pieces.

Inventory:

Hand Weapons
 a - a +1 war axe (weapon)
Armour
 b - a +0 scale mail
 e - a +0 plate armour (worn)
Jewellery
 h - a +3 amulet of reflection (around neck)
Scrolls
 i - a scroll of magic mapping
Potions
 c - 2 potions of heal wounds
 d - a potion of might
 j - a potion of berserk rage
 k - a potion of degeneration {unknown}
 m - a potion of invisibility {unknown}
 o - a potion of agility {unknown}
 p - a potion of magic {unknown}
 q - 2 potions of haste
Comestibles
 f - 5 rations
 g - a chunk of flesh


   Skills:
 - Level 3.0 Fighting
 + Level 3.8 Axes
 - Level 2.6 Armour
   Level 2.6 Shields


You had 2 spell levels left.
You didn't know any spells.
Your spell library was empty.

Dungeon Overview and Level Annotations

Branches:
Dungeon (2/15)

Altars:
Dithmenos
Nemelex Xobeh
Trog
Wu Jian
Xom


Innate Abilities, Weirdness & Mutations

You have a pair of small antennae on your head.
You are immune to rotting.


Message History

You see here 16 bolts.
There is an escape hatch in the ceiling here.
A rat comes into view.
A rat is nearby!
As you read the scroll labeled WOLANT AWUS, it crumbles to dust.
The creatures around you are filled with an inner flame!
It was a scroll of immolation.
As you read the scroll of identify, it crumbles to dust.
q - 2 potions of haste Number of times to repeat, then command key: You must enter the number of times for the command to repeat.
The rat bites you but does no damage.
You closely miss the rat. The rat bites you but does no damage.
Your plate armour prevents you from hitting the rat.
The rat bites you but does no damage.
You hit the rat.
The rat explodes!
The fiery explosion engulfs you!
You are engulfed in blazing flames.
Ouch! That really hurt!
You die...

##...... [..#
... #### ...
... #.# ######
#.# #....# #§#
#....# #§#
##...># #@#
###.....#####
#.#
##...........#
#.#
#...#........#
#.#
...##........#
#.#
...##........#
#.#
.####........#
#.#
.####........#
#.#
.##..........#
#.#


There were no monsters in sight!

Vanquished Creatures
  2 adders (D:2)
  2 dart slugs
  A worm (D:2)
  2 giant cockroaches (D:2)
  4 goblins
  4 hobgoblins
  5 kobolds
  7 bats (D:1)
  2 frilled lizards
  10 rats
39 creatures vanquished.

Notes
Turn   | Place    | Note
-------+----------+-------------------------------------------
     0 | D:1      | theswoord the Demonspawn Fighter began the quest for the
                  | Orb.
     0 | D:1      | Reached XP level 1. HP: 18/18 MP: 1/1
    42 | D:1      | Gained mutation: You have a pair of small antennae on your
                  | head. [demonic ancestry]
    42 | D:1      | Reached XP level 2. HP: 13/24 MP: 2/2
   497 | D:2      | Gained mutation: You are immune to rotting. [demonic
                  | ancestry]
   497 | D:2      | Reached XP level 3. HP: 18/29 MP: 3/3
   570 | D:2      | Found an ornate altar of the Wu Jian Council.
   570 | D:2      | Found a shimmering altar of Xom.
   575 | D:2      | Found a sparkling altar of Nemelex Xobeh.
   577 | D:2      | Found a shadowy altar of Dithmenos.
   579 | D:2      | Found a bloodstained altar of Trog.
  1082 | D:2      | Engulfed by a cloud of flame

Skill      XL: |  1  2 |
---------------+-------+-----
Axes           | 2 3 |  3.8
Fighting       | |  3.0
Armour         | |  2.6
Shields        | |  2.6

Action                   || total
-------------------------++-------
Melee: War axe           ||   118
  Use: Scroll            ||     8
  Eat: Chunk             ||     1
Armor: Scale mail        ||    23
       Plate armour      ||    80
Dodge: Dodged            ||    27
Block: Shield            ||    13
       Other             ||     9

Levels and vault maps discovered:
D:1:      dpeg_arrival_tiny_d, layout_rooms
D:2:      layout_rooms, lemuel_doored_altar,
          chequers_temple_overflow_minitemple, uniq_sigmund,
          uniq_crazy_yiuf_cottage
